 Dungeon Crawl Stone Soup version 0.30-a0-1066-g63dfefce0d (webtiles) character file.

Game seed: 16575338976974337940

69 NinjaNoafa the Magician (level 4, -4/33 HPs)
             Began as a Djinni Fire Elementalist on Apr 12, 2023.
             Slain by a gnoll
             ... wielding a +0 club
              (6 damage)
             ... on level 2 of the Dungeon.
             The game lasted 00:03:42 (485 turns).

NinjaNoafa the Magician (Djinni Fire Elementalist)   Turns: 485, Time: 00:03:43

Health: -4/33      AC:  3    Str:  7    XL:     4   Next: 42%
Gold:   40         EV: 13    Int: 18    God:
                   SH:  0    Dex: 20

rFire   + + .      SeeInvis .    b - +0 falchion
rCold   x . .      Faith    .    (no shield)
rNeg    . . .      Spirit   .    a - +0 robe
rPois   ∞          Reflect  .    (no helmet)
rElec   .          Rampage  .    (no cloak)
rCorr   .                        c - +0 pair of gloves
Will    .....                    (boots unavailable)
Stlth   ++                       (no amulet)
HPRegen 0.25/turn                k - +6 ring of dexterity
MPRegen 0.00/turn                (no ring)

@: flying
A: sickness immunity, fire resistance 2, cold vulnerability 1, float, innate
caster, HP casting, extra vitality 1
a: no special abilities


You were on level 2 of the Dungeon.
You visited 1 branch of the dungeon, and saw 2 of its levels.

You collected 40 gold pieces.

Inventory:

Hand Weapons
 b - a +0 falchion (weapon)
Missiles
 d - 3 javelins
Armour
 a - a +0 robe (worn)
 c - a +0 pair of gloves (worn)
Jewellery
 k - a +6 ring of dexterity (left hand)
Scrolls
 f - 2 scrolls of identify {unknown}
 h - a scroll of enchant weapon {unknown}
 i - a scroll of poison {unknown}
Potions
 e - a potion of mutation {unknown}
 g - a potion of curing {unknown}
 j - a potion of haste {unknown}


   Skills:
 + Level 1.9 Fighting
 - Level 2.1 Dodging
 - Level 1.5 Stealth
 * Level 3.4 Spellcasting


You knew the following spells:

 Your Spells              Type           Power      Damage    Failure   Level
a - Foxfire               Conj/Fire      60%        2x1d7     3%          1
b - Scorch                Fire           30%        2d6       6%          2
c - Volatile Blastmotes   Fire/Tloc      30%        2d12      12%         3
d - Inner Flame           Hex/Fire       15%        N/A       12%         3
e - Flame Wave            Conj/Fire      15%        2d7       36%         4
f - Summon Small Mammal   Summ           60%        N/A       3%          1
Your spell library was empty.

Dungeon Overview and Level Annotations

Branches:
Dungeon (1/15)

Altars:


Innate Abilities, Weirdness & Mutations

You are immune to sickness and miasma.
You are immune to poison.
Your flesh is very heat resistant. (rF++)
You are vulnerable to cold. (rC-)
You float through the air rather than walking.
You learn spells naturally, not from books.
Your magical power is your life essence.
You have superior vitality. (+4 MHP)


Message History

The goblin is severely wounded.
The foxfire hits the goblin.
You kill the goblin!
The goblin unwields a +0 club.
The goblin wields a +0 sling.
The goblin shoots a sling bullet.
The sling bullet barely misses you.
Unknown command.
Casting: Foxfire (safe; 3% risk of failure)
Confirm with . or Enter, or press ? or * to list all spells.
Flames lash the gnoll.
The gnoll is heavily wounded.
The gnoll's fire resistance burns away.
* * * LOW HITPOINT WARNING * * *
The goblin shoots a sling bullet.
The sling bullet hits you.
* * * LOW HITPOINT WARNING * * *
The gnoll closely misses you.
You barely miss the gnoll.
The gnoll is heavily wounded.
The gnoll hits you with a +0 club.
* * * LOW HITPOINT WARNING * * *
The goblin shoots a sling bullet.
The sling bullet closely misses you.
Unknown command.
Casting: Foxfire (safe; 3% risk of failure)
Press: ? - help, Q - select action, (/) - cycle Dir - look around, f - activate You conjure some foxfire!
* * * LOW HITPOINT WARNING * * *
The gnoll hits you but does no damage.
The foxfire hits the goblin.
You kill the goblin!
Unknown command.
Okay, then.
The gnoll is no longer more vulnerable to fire.
The foxfire hits the gnoll.
The gnoll is severely wounded.
Items here: )) ††.
Unknown command.
Casting: Foxfire (safe; 3% risk of failure)
Press: ? - help, Q - select action, (/) - cycle Dir - look around, f - activate You conjure some foxfire!
* * * LOW HITPOINT WARNING * * *
The gnoll hits you with a +0 club.
You die...

#.# #.
#.# #.
#.# #.
#.# #.
#.# #.
#.# #.
#)#
#v###.#
#v@gJ.#
#######


You could see a gnoll (ally target) and an endoplasm.

Vanquished Creatures
  A gnoll (D:1)
  2 adders (D:2)
  2 dart slugs (D:1)
  3 bats (D:1)
  2 giant cockroaches
  6 goblins
  3 hobgoblins
  4 jackals (D:1)
  2 quokkas (D:1)
  5 ball pythons (D:1)
  A rat (D:1)
31 creatures vanquished.

Vanquished Creatures (collateral kills)
  A giant cockroach (D:2)
  A goblin (D:2)
  A bat (D:2)
3 creatures vanquished.

Vanquished Creatures (others)
  48 foxfires
48 creatures vanquished.

Grand Total: 82 creatures vanquished

Notes
Turn   | Place    | Note
-------+----------+-------------------------------------------
     0 | D:1      | NinjaNoafa the Djinni Fire Elementalist began the quest for
                  | the Orb.
     0 | D:1      | NinjaNoafa set off with the following spells memorised:
                  | Foxfire, Scorch, Volatile Blastmotes, Inner Flame, Flame
                  | Wave.
     0 | D:1      | Reached XP level 1. HP: 15/15 MP: 0/0
    38 | D:1      | Reached XP level 2. HP: 20/22 MP: 0/0
   216 | D:1      | Reached skill level 1 in Fighting
   242 | D:1      | Reached skill level 3 in Spellcasting
   242 | D:1      | Reached XP level 3. HP: 21/27 MP: 0/0
   242 | D:1      | Learned a level 1 spell: Summon Small Mammal
   336 | D:1      | You are sucked into a shaft and drop 1 floor!
   451 | D:2      | Reached XP level 4. HP: 15/33 MP: 0/0
   485 | D:2      | Slain by a gnoll

Illustrated notes

Levels and vault maps discovered:
D:1:      roderic_chinese_lattice_arrival, layout_loops_cross, serial_shops,
          shop_fountains
D:2:      layout_basic, serial_shops, shop, minmay_vboxes, uniq_robin,
          uniq_sigmund

Skill      XL: |  1  2 |
---------------+-------+-----
Fighting       | 1 |  1.9
Spellcasting   | 3 |  3.4
Dodging        | |  2.1
Stealth        | |  1.5

Action                     |  1- 3 |  4- 6 || total
---------------------------+-------+-------++-------
  Melee: Falchion          |    12 |     3 ||    15
   Cast: Foxfire           |    28 |     4 ||    32
         Scorch            |     7 |     2 ||     9
         Summon Small Mamm |     7 |       ||     7
         Volatile Blastmot |     3 |     1 ||     4
    Use: Potion            |     1 |       ||     1
 Armour: Robe              |    16 |     1 ||    17
  Dodge: Dodged            |    48 |     8 ||    56

Table legend: (Time is in decaauts)
 A = Elapsed time spent in this place.
 B = Non-inter-level travel time spent in this place.
 C = Inter-level travel time spent in this place.
 D = Time resting spent in this place.
 E = Time spent auto-exploring this place.
 F = Levels seen in this place.
 G = Mean time per level.
                   A        B        C        D        E       F      G
               +--------+--------+--------+--------+--------+-----+--------+
         Total |    488 |    488 |      0 |      0 |    256 |   2 |  244.0 |
       Dungeon |    488 |    488 |      0 |      0 |    256 |   2 |  244.0 |
               +--------+--------+--------+--------+--------+-----+--------+

Top non-repeatable levels by time:
     D:1: 339 daAuts
     D:2: 149 daAuts
